 Dungeon Crawl Stone Soup version 0.27-a0-660-g90476cec82 (webtiles) character file.

Game seed: 4580099781047309676

4331 robertstho the Covert (level 10, -8/48 HPs)
             Began as a Felid Berserker on Mar 16, 2021.
             Was an Elder of Trog.
             Mangled by a centaur warrior (10 damage)
             ... on level 13 of the Dungeon.
             The game lasted 00:15:31 (13052 turns).

robertstho the Covert (Felid Berserker)            Turns: 13052, Time: 00:15:32

Health: -8/48      AC:  2    Str: 16    XL:     10   Next: 12%
Magic:  11/11      EV: 22    Int:  9    God:    Trog [****..]
Gold:   657        SH:  0    Dex: 16    Spells: 9/9 levels left
                                        Lives:  0   Deaths: 3

rFire    . . .     SeeInvis +     - Unarmed
rCold    . . .     Faith    .   (shield unavailable)
rNeg     . . .     Spirit   .   (armour unavailable)
rPois    +         Reflect  .   (helmet unavailable)
rElec    .         Harm     .   (cloak unavailable)
rCorr    .         Rampage  .   (gloves unavailable)
Will     ++...                  (boots unavailable)
Stlth    ++++++....             (no amulet)
HPRegen  0.16/turn              c - ring of willpower
MPRegen  0.12/turn              o - ring of poison resistance

@: berserk cooldown, hasted and slowed, quick
A: very small, claws 1, fangs 3, see invisible, speed 1, shaggy fur 2, stealthy
paws, no weapons or thrown items, no armour, multi-lived
a: Renounce Religion, Berserk, Trog's Hand, Brothers in Arms


You were on level 13 of the Dungeon.
You worshipped Trog.
Trog was greatly pleased with you.
You visited 1 branch of the dungeon, and saw 14 of its levels.

You collected 657 gold pieces.

Inventory:

Jewellery
 c - a ring of willpower (right paw)
 o - a ring of poison resistance (left paw)
 t - a ring of fire
 y - a ring of magical power
Wands
 f - a wand of mindburst (12)
 k - a wand of digging (5)
 v - a wand of polymorph (11)
 D - a wand of paralysis (5)
Scrolls
 a - 4 scrolls of magic mapping {unknown}
 b - 4 scrolls of teleportation
 d - 3 scrolls of enchant weapon {unknown}
 g - a scroll of identify
 m - a scroll of amnesia {unknown}
 n - 2 scrolls of fear
 p - 2 scrolls of blinking {unknown}
 q - a scroll of immolation {unknown}
 r - a scroll of summoning {unknown}
 B - a scroll of brand weapon {unknown}
 C - a scroll of vulnerability {unknown}
 E - 4 scrolls of enchant armour {unknown}
Potions
 e - 3 potions of mutation
 h - a potion of heal wounds {unknown}
 i - 4 potions of curing {unknown}
 j - a potion of brilliance {unknown}
 s - 2 potions of flight {unknown}
 u - a potion of resistance
 x - a potion of invisibility {unknown}
 z - 2 potions of might {unknown}
 A - a potion of ambrosia {unknown}


   Skills:
 * Level 7.8 Fighting
 + Level 8.2 Dodging
 * Level 14.5 Stealth
 + Level 11.1 Unarmed Combat


You had 9 spell levels left.
You didn't know any spells.
Your spell library was empty.

Dungeon Overview and Level Annotations

Branches:
Dungeon (14/15)            Temple (0/1) D:7            Lair (0/6) D:8
    Orc: D:9-12      Vaults: D:13-14

Altars:
Dithmenos
Elyvilon
Nemelex Xobeh
Wu Jian

Shops:
D:4 [

Annotations:
D:12 2 runed translucent doors, Azrael


Innate Abilities, Weirdness & Mutations

You have sharp claws.
You have razor-sharp teeth.
You have supernaturally acute eyesight. (SInv)
You cover ground quickly. (Speed+)
You are covered in thick fur. (AC +2)
Your stealthy paws help you sneak and pounce on unaware monsters.
You are incapable of wielding weapons or throwing items.
You cannot wear armour.
You gain extra lives every three experience levels.


Message History

You kill the jelly!
Trog accepts your kill.
Trog will now gift you melee weapons as you gain piety.
The centaur warrior shoots an arrow.
The arrow hits you!
You feel a strong urge to attack something.
A scorpion comes into view.
The centaur warrior shoots an arrow.
The arrow hits you!
An orc comes into view. It is wielding a +0 trident.
The centaur warrior shoots an arrow.
The arrow closely misses you.
You feel your anger nearly subside.
The centaur warrior shoots an arrow.
The arrow barely misses you.
A tengu warrior comes into view. It is wielding a +0 quarterstaff.
You are no longer berserk.
You are exhausted.
You feel yourself slow down.
The tengu warrior shouts!
Found a buckler.
You scratch the centaur warrior.
The centaur warrior is lightly wounded.
The centaur warrior unwields a +0 shortbow.
The centaur warrior hits you! The centaur warrior closely misses you.
An orc priest comes into view. It is wielding a +0 mace.
A cyclops comes into view.
You are too injured to fight recklessly!
You are too injured to fight recklessly!
You are too injured to fight recklessly!
Your ogre goes berserk!
Trog will no longer gift you weapons.
The centaur warrior completely misses you.
The scorpion stings you!
* * * LOW HITPOINT WARNING * * *
The centaur warrior closely misses you.
A tengu warrior comes into view. It is wielding a +0 war axe.
The scorpion completely misses you.
You feel yourself speed up.
The tengu warrior shouts!
You hear an angry hiss.
The centaur warrior hits you.
* * * LOW HITPOINT WARNING * * *
The centaur warrior hits you!
You die...

#.........
#....######
#[...# #....#
#....# #....# .
#....#######..#
##.#..........[
#.....@s...P≈≈
###..O.c..♣≈≈≈
#......Q#
#...o.....≈
#.?.....♣≈≈≈
.........≈Q≈
#.........o≈≈
#........P≈C


You could see 2 tengu warriors, a centaur warrior (ally target), a cyclops
(wandering), a scorpion, an orc priest, an orc and a friendly ogre (summoned,
berserk).

Vanquished Creatures
  A two-headed ogre (D:12)
  The ghost of ShadowManNeo the Thaumaturge, a novice DrCj of Sif Muna (D:7)
  Pikel (D:8)
  An ugly thing (D:11)
  2 kobold demonologists (D:11)
  2 trolls
  A vampire (D:13)
  A shadow (D:12)
  5 yaks (D:9)
  3 wraiths
  An orc warrior (D:11)
  5 ice beasts
  2 black bears
  2 necrophages
  2 sky beasts
  5 ogres
  8 centaurs
  3 phantoms
  3 bullfrogs
  A wyvern zombie (D:7)
  4 scorpions
  4 killer bees (D:8)
  7 wights
  A bullfrog zombie (D:11)
  2 jellies
  A quasit (D:11)
  5 orc priests
  10 hounds
  4 iguanas
  12 worker ants
  5 orc wizards
  2 hound zombies
  3 hound skeletons
  A worker ant zombie (D:6)
  A howler monkey zombie (D:8)
  9 gnolls
  14 adders
  A shadow imp (D:6)
  3 white imps
  An ufetubus (D:8)
  An ooze (D:3)
  2 adder skeletons
  4 worms
  6 dart slugs
  8 leopard geckos
  39 orcs
  A ball python (D:8)
  2 giant cockroaches
  7 goblins
  4 hobgoblins (D:2)
  15 jackals
  A quokka (D:7)
  4 bats
  6 frilled lizards
  A jackal zombie (D:9)
  6 kobolds
  A leopard gecko zombie (D:7)
  4 rats
252 creatures vanquished.

Vanquished Creatures (collateral kills)
  3 yaks (D:9)
  3 wights (D:8)
  A jelly (D:9)
  2 orcs (D:8)
  A giant cockroach (D:8)
10 creatures vanquished.

Vanquished Creatures (others)
  10 plants
10 creatures vanquished.

Grand Total: 272 creatures vanquished

Notes
Turn   | Place    | Note
-------+----------+-------------------------------------------
     0 | D:1      | robertstho the Felid Berserker began the quest for the Orb.
     0 | D:1      | Reached XP level 1. HP: 10/10 MP: 2/2
   179 | D:1      | Reached XP level 2. HP: 14/14 MP: 3/3
   187 | D:1      | Reached skill level 1 in Stealth
   995 | D:2      | Reached XP level 3. HP: 17/17 MP: 4/4
  1155 | D:2      | Reached ** piety under Trog
  1633 | D:2      | Reached skill level 2 in Stealth
  1633 | D:2      | Reached XP level 4. HP: 16/22 MP: 5/5
  2194 | D:3      | You fall into a shaft and drop 1 floor!
  2205 | D:4      | Reached skill level 3 in Stealth
  2205 | D:4      | Reached XP level 5. HP: 17/25 MP: 6/6
  2586 | D:4      | Found Koum Rae's Armour Shoppe.
  2884 | D:4      | Noticed an ogre
  2895 | D:4      | Killed an ogre
  2896 | D:4      | Reached skill level 5 in Dodging
  2896 | D:4      | Reached skill level 4 in Stealth
  3121 | D:4      | Found a shadowy altar of Dithmenos.
  3129 | D:4      | Gained mutation: You are covered in thick fur. (AC +2)
                  | [Felid growth]
  3129 | D:4      | Reached XP level 6. HP: 28/28 MP: 7/7
  3143 | D:4      | Reached skill level 5 in Unarmed Combat
  3306 | D:3      | Reached skill level 5 in Stealth
  3680 | D:3      | Reached XP level 7. HP: 33/33 MP: 8/8
  4527 | D:4      | Reached skill level 6 in Stealth
  5152 | D:5      | Entered Level 5 of the Dungeon
  5513 | D:5      | Identified the +6 rapier of the Gloaming {vorpal, +Blink
                  | rPois rN+}
  5766 | D:5      | Reached *** piety under Trog
  5767 | D:5      | Reached skill level 7 in Stealth
  6128 | D:6      | Found an ornate altar of the Wu Jian Council.
  6128 | D:6      | Found a white marble altar of Elyvilon.
  6149 | D:6      | HP: 2/49 [centaur (5)]
  6151 | D:6      | Slain by a centaur
  6152 | D:6      | Reached XP level 6. HP: 0/45 MP: 7/7
  6152 | D:6      | Reached skill level 5 in Fighting
  6152 | D:6      | Reached XP level 7. HP: 33/33 MP: 8/8
  6495 | D:6      | HP: 2/49 [wight/+2 dire flail (18)]
  6497 | D:6      | Reached skill level 8 in Stealth
  7282 | D:7      | Reached XP level 8. HP: 37/37 MP: 9/9
  7542 | D:7      | Reached **** piety under Trog
  7712 | D:7      | Found a runed translucent gate.
  7712 | D:7      | Found a runed translucent gate.
  7712 | D:7      | Found a runed translucent gate.
  7716 | D:7      | Noticed ShadowManNeo's ghost (novice DrCj)
  7739 | D:7      | Reached skill level 9 in Stealth
  7805 | D:7      | Found the +2 shield of Resistance {rF++ rC++ Will++}
  8001 | D:7      | Found a staircase to the Ecumenical Temple.
  8208 | D:7      | Killed ShadowManNeo's ghost
  8209 | D:7      | Reached skill level 10 in Stealth
  8209 | D:7      | Reached XP level 9. HP: 33/41 MP: 10/10
  8398 | D:8      | Noticed Pikel
  8415 | D:8      | Killed Pikel
  8416 | D:8      | Reached skill level 11 in Stealth
  9408 | D:8      | Found a sparkling altar of Nemelex Xobeh.
  9663 | D:8      | Found a staircase to the Lair.
  9736 | D:9      | Reached skill level 12 in Stealth
  9740 | D:9      | Reached XP level 10. HP: 46/46 MP: 11/11
  9762 | D:9      | Slain by a yak
  9763 | D:9      | Reached XP level 9. HP: -2/42 MP: 10/10
  9860 | D:9      | Noticed a troll
 10138 | D:9      | Killed a troll
 10414 | D:9      | Reached skill level 13 in Stealth
 10829 | D:10     | Entered Level 10 of the Dungeon
 10838 | D:10     | Reached skill level 10 in Unarmed Combat
 11389 | D:11     | Noticed a kobold demonologist
 11395 | D:11     | Noticed a sixfirhy
 11400 | D:11     | Killed a kobold demonologist
 11478 | D:11     | Noticed a kobold demonologist
 11485 | D:11     | Killed a kobold demonologist
 11486 | D:11     | Reached XP level 10. HP: 47/47 MP: 11/11
 11832 | D:11     | You fall into a shaft and drop 3 floors!
 11871 | D:14     | Noticed a boulder beetle
 11975 | D:12     | Noticed a five-headed hydra
 11979 | D:12     | Found a runed translucent door.
 11980 | D:12     | Found a runed translucent door.
 11988 | D:12     | Noticed a two-headed ogre
 11994 | D:12     | Killed a two-headed ogre
 12000 | D:12     | Noticed Azrael
 12002 | D:12     | Reached ***** piety under Trog
 12005 | D:12     | Killed from afar by Azrael
 12006 | D:12     | Reached XP level 9. HP: -31/43 MP: 10/10
 12131 | D:11     | Reached skill level 14 in Stealth
 12327 | D:11     | Noticed a green ugly thing
 12342 | D:11     | Killed a green ugly thing
 12996 | D:11     | You fall into a shaft and drop 2 floors!
 12999 | D:13     | Reached XP level 10. HP: 48/48 MP: 11/11
 13041 | D:13     | Noticed a centaur warrior
 13049 | D:13     | Noticed a tengu warrior
 13050 | D:13     | Noticed a cyclops
 13051 | D:13     | Noticed a tengu warrior
 13052 | D:13     | HP: 2/48 [centaur warrior (5)]
 13052 | D:13     | Mangled by a centaur warrior

Illustrated notes

Levels and vault maps discovered:
D:1:      dpeg_arrival_round_a, layout_rooms, minmay_misc_feat_doors
D:2:      layout_rooms
D:3:      layout_basic
D:4:      layout_loops_ring, serial_shops, shop,
          nicolae_dithmenos_through_a_glass_darkly
D:5:      layout_basic, serial_bayou_pond_b
D:6:      layout_basic, grunt_temple_overflow_open
D:7:      layout_cave_pools, minmay_temple_entry_statues,
          ebering_ghost_rock_garden
D:8:      layout_loops_cross, lair_entry_dummy, nemelex_diamond_rough_becter,
          uniq_pikel
D:9:      layout_loops_ring, serial_bayou_pond_b
D:10:     layout_long_grid, minmay_orc_entry_guard_dogs,
          chequers_decorated_corner, uniq_urug
D:11:     layout_gridville, skrybe_limestone_x
D:12:     lemuel_insect_pit, layout_long_grid, nzn_masters_of_martial_movement,
          uniq_azrael
D:13:     layout_irregular_city, nzn_ghost_randoct, serial_bayou,
          serial_bayou_lake_a, serial_bayou_lagoon_a, serial_bayou_pond_c,
          serial_bayou_pond_b, pf_eden
D:14:     layout_roguey, david_vaults_4, kennysheep_decorative_pillar

Skill      XL: |  1  2  3  4  5  6  7  8  9 10 |
---------------+-------------------------------+-----
Stealth        | 1 2 3 4 5 8 10 14 | 14.5
Unarmed Combat | 4 5 7 8 11 | 11.1
Fighting       | 4 5 6 7 |  7.8
Dodging        | 5 6 7 8 |  8.2

Action                   |  1- 3 |  4- 6 |  7- 9 | 10-12 || total
-------------------------+-------+-------+-------+-------++-------
Melee: Unarmed           |   101 |    86 |   464 |    50 ||   701
       Bite              |    18 |     7 |    41 |     6 ||    72
       Punch             |     1 |     2 |    12 |     4 ||    19
Invok: Berserk           |     4 |     7 |    23 |     2 ||    36
       Trog's Hand       |     1 |       |     1 |       ||     2
       Brothers in Arms  |       |       |     2 |     2 ||     4
  Use: Scroll            |       |       |     8 |       ||     8
       Potion            |       |       |       |     1 ||     1
 Stab: Sleeping          |     1 |     6 |    38 |     8 ||    53
       Distracted        |       |       |     3 |       ||     3
Armor: Skin              |     7 |     1 |    17 |     1 ||    26
Dodge: Dodged            |    87 |    66 |   333 |    42 ||   528

Table legend: (Time is in decaauts)
 A = Elapsed time spent in this place.
 B = Non-inter-level travel time spent in this place.
 C = Inter-level travel time spent in this place.
 D = Time resting spent in this place.
 E = Time spent auto-exploring this place.
 F = Levels seen in this place.
 G = Mean time per level.
                   A        B        C        D        E       F      G
               +--------+--------+--------+--------+--------+-----+--------+
         Total |  12162 |  11934 |    228 |   2996 |   7148 |  14 |  868.7 |
       Dungeon |  12162 |  11934 |    228 |   2996 |   7148 |  14 |  868.7 |
               +--------+--------+--------+--------+--------+-----+--------+

Top non-repeatable levels by time:
    D:11: 1919 daAuts
     D:4: 1720 daAuts
     D:8: 1230 daAuts
     D:3: 1230 daAuts
     D:1: 1038 daAuts
     D:9: 1007 daAuts
     D:2: 962 daAuts
     D:5: 960 daAuts
     D:7: 936 daAuts
     D:6: 917 daAuts
    D:12: 78 daAuts
    D:14: 64 daAuts
    D:13: 52 daAuts
    D:10: 43 daAuts
